 Dungeon Sprint DCSS version 0.22-a0-157-g169b76a (webtiles) character file.

6086 esc the Severer (level 14, -2/140 HPs)
             Began as a Hill Orc Fighter on Feb 8, 2018.
             Was the Champion of the Shining One.
             Splashed by an acid blob's acid (7 damage)
             ... in the Dungeon (Sprint VI: "Thunderdome").
             The game lasted 00:28:17 (1874 turns).

esc the Severer (Hill Orc Fighter)                  Turns: 1874, Time: 00:28:18

Health: -2/140     AC:  2    Str: 24    XL:     14   Next: 55%
Magic:  0/26       EV: 15    Int: 20    God:    the Shining One [******]
Gold:   556        SH: 27    Dex: 17    Spells: 13/13 levels left

rFire    + + .     SeeInvis .   x - +8 broad axe (flame)
rCold    + + .     Gourm    .   c - +0 shield
rNeg     + + +     Faith    .   w - +0 acid dragon scales
rPois    +         Spirit   +   v - +1 helmet of Curiosity {*Drain rC++ Str+4 Int+3}
rElec    .         Reflect  .   b - +0 cloak "Earthly Heaven" {Int+3} (curse)
rCorr    +         Harm     .   l - +0 pair of gloves "Ipepemu" {Int+6} (curse)
MR       .....     NoTele   +   p - +0 pair of boots "Vadwys" {rPois rN++ MR- rCorr}
Stlth    +.........             q - amulet "Enugigaa" {Spirit Dex+8}
HPRegen  0.33/turn              t - ring of Dithmenos's Whim {rPois rN+ Dex-5 Slay+3}
MPRegen  0.20/turn              e - ring of Cott {rF++ Stlth+}

@: divine shield, corroded, hasted, glowing, very quick
A: no striking features
}: 2/15 runes: serpentine, gossamer
a: Divine Shield, Cleansing Flame, Summon Divine Warrior, Brand Weapon With Holy
Wrath, Renounce Religion


You were in the Dungeon.
You worshipped the Shining One.
The Shining One was exalted by your worship.
You were not hungry.

You visited 1 branch You collected 3400 gold pieces.
You spent 2844 gold pieces at shops.

Inventory:

Hand Weapons
 x - a +8 broad axe of flaming (weapon)
   (You bought it in a shop in the Dungeon)
Missiles
 a - 2 throwing nets {=f, !d}
Armour
 b - the cursed +0 cloak "Earthly Heaven" (worn) {Int+3}
   (You bought it in a shop in the Dungeon)

   It affects your intelligence (+3).
   It has a curse placed upon it.
 c - a +0 shield (worn)
 l - the cursed +0 pair of gloves "Ipepemu" (worn) {Int+6}
   (You bought it in a shop in the Dungeon)

   It affects your intelligence (+6).
   It has a curse placed upon it.
 p - the +0 pair of boots "Vadwys" (worn) {rPois rN++ MR- rCorr}
   (You bought it in a shop in the Dungeon)

   It protects you from poison.
   It greatly protects you from negative energy.
   It affects your resistance to hostile enchantments.
   It protects you from acid and corrosion.
 v - the +1 helmet of Curiosity (worn) {*Drain rC++ Str+4 Int+3}
   (You bought it in a shop in the Dungeon)

   It affects your strength (+4).
   It affects your intelligence (+3).
   It greatly protects you from cold.
   It causes draining when unequipped.
 w - +0 acid dragon scales (worn)
   (You found it in the Dungeon)
Jewellery
 e - the ring of Cott (right hand) {rF++ Stlth+}
   (You found it in the Dungeon)

   [ring of stealth]

   It greatly protects you from fire.
   It makes you more stealthy.
 q - the amulet "Enugigaa" (around neck) {Spirit Dex+8}
   (You bought it in a shop in the Dungeon)

   [amulet of guardian spirit]

   It causes incoming damage to be split between your health and magic.
   It affects your dexterity (+8).
 r - the ring of Beauty {+Fly rPois Str-4 Slay+2}
   (You bought it in a shop in the Dungeon)

   [ring of flight]

   It affects your strength (-4).
   It affects your accuracy and damage with ranged weapons and melee attacks
   (+2).
   It protects you from poison.
   It lets you fly.
 s - the ring "Huenaran" {rF+ MP+9 Str-4 Int+5}
   (You bought it in a shop in the Dungeon)

   [ring of magical power]

   It affects your strength (-4).
   It affects your intelligence (+5).
   It protects you from fire.
   It affects your magic capacity (+9).
 t - the ring of Dithmenos's Whim (left hand) {rPois rN+ Dex-5 Slay+3}
   (You bought it in a shop in the Dungeon)

   [ring of poison resistance]

   It affects your dexterity (-5).
   It affects your accuracy and damage with ranged weapons and melee attacks
   (+3).
   It protects you from poison.
   It protects you from negative energy.
 y - an uncursed ring of see invisible {sInv, !d}
   (You found it in the Dungeon)
Wands
 m - a wand of iceblast (3)
   (You found it in the Dungeon)
Scrolls
 k - 4 scrolls of blinking {!r}
 n - 3 scrolls of fog
Potions
 d - a potion of might
 h - 3 potions of haste
 i - 2 potions of magic
 j - 4 potions of curing
 o - a potion of resistance


   Skills:
 + Level 17.0 Fighting
 - Level 18.0 Axes
 + Level 15.8 Armour
 + Level 6.0 Dodging
 + Level 15.8 Shields
 + Level 16.8 Invocations
 - Level 5.5 Evocations


You had 13 spell levels left.
You didn't know any spells.

Dungeon Overview and Level Annotations

Branches:
Dungeon (1/1)

Altars:
Cheibriados
Dithmenos
Fedhas
Gozag
Kikubaaqudgha
Makhleb
Okawaru
Qazlal
Ru
Sif Muna
Trog
Uskayaw
Vehumet
Wu Jian
Xom
Yredelemnul
Zin
The Shining One
Beogh
Jiyva
Lugonu

Shops:
D *[%??*?*:[((!!!!


Message History

The acid blob quivers.
The acid blob spits acid at you. The splash of acid hits you!
The acid corrodes you!
You are splashed with acid!
The acid burns!
You resist.
You take 3 damage, and have 76/140 hp.
You now have 23/26 mp.
An acid blob comes into view.
An acid blob comes into view.
The acid blob quivers. x2
The acid blob spits acid at you. The splash of acid hits you! You resist.
You are splashed with acid!
The acid burns!
You resist. The acid blob spits acid at you. The splash of acid hits you!
You are splashed with acid!
The acid burns!
You resist. The acid blob spits acid at you. The splash of acid hits you!
You are splashed with acid!
The acid burns!
You resist.
A slime creature comes into view.
You slash the acid blob! You burn the acid blob.
Your hands burn!
The acid blob closely misses you.
A slime creature comes into view.
You take 16 damage, and have 61/140 hp.
You now have 20/26 mp.
The slime creature quivers.
You slice the acid blob!! You burn the acid blob.
Your hands burn!
The acid blob spits acid at you. You block the splash of acid.
You take 1 damage, and have 60/140 hp.
Okay, then.
Your shield is strengthened by the Shining One's divine power.
You feel slightly more hungry. The acid blob closely misses you.
The acid blob spits acid at you. The splash of acid hits you! You resist.
You are splashed with acid!
The acid burns!
You resist. The acid blob spits acid at you. You block the splash of acid.
The acid blob spits acid at you. The splash of acid hits you! You resist.
You are splashed with acid!
The acid burns!
You resist. The acid blob hits you!!
* * * LOW HITPOINT WARNING * * *
The acid corrodes you!
You are splashed with acid!
The acid burns!
You resist.
* * * LOW HITPOINT WARNING * * *
You take 37 damage, and have 23/140 hp.
MASSIVE DAMAGE!!
You now have 7/26 mp.
You feel much better. The acid blob spits acid at you.
The splash of acid hits you! You resist.
You are splashed with acid!
The acid burns!
You resist. The acid blob spits acid at you. You block the splash of acid.
The acid blob spits acid at you. The splash of acid hits you! You resist.
* * * LOW HITPOINT WARNING * * *
The acid corrodes you!
You are splashed with acid!
The acid burns!
You resist.
* * * LOW HITPOINT WARNING * * *
The acid blob misses you.
You regained 15 hp, and now have 38/140 hp.
You now have 4/26 mp.
Unknown command.
You feel yourself speed up. You block the acid blob's attack.
The acid blob spits acid at you. The splash of acid hits you! You resist.
* * * LOW HITPOINT WARNING * * *
You are splashed with acid!
The acid burns!
You resist.
* * * LOW HITPOINT WARNING * * *
You block the acid blob's attack.
Two slime creatures merge to form a large slime creature.
You take 12 damage, and have 26/140 hp.
You now have 2/26 mp.
Okay, then.
Okay, then.
You are too injured to fight recklessly!
You completely miss the acid blob. You slice the acid blob!!
You burn the acid blob.
Your hands burn!
* * * LOW HITPOINT WARNING * * *
You block the acid blob's attack.
You take 1 damage, and have 25/140 hp.
You hit the acid blob. You burn the acid blob.
Your hands burn!
* * * LOW HITPOINT WARNING * * *
You slice the acid blob!! You burn the acid blob.
Your hands burn!
* * * LOW HITPOINT WARNING * * *
The acid blob spits acid at you. The splash of acid misses you.
You block the acid blob's attack. The acid blob spits acid at you.
You block the splash of acid.
You take 2 damage, and have 23/140 hp.
Okay, then.
You slice the acid blob!! You burn the acid blob.
Your hands burn!
* * * LOW HITPOINT WARNING * * *
You slash the acid blob! You burn the acid blob.
Your hands burn!
* * * LOW HITPOINT WARNING * * *
The acid blob spits acid at you. The splash of acid hits you! You resist.
* * * LOW HITPOINT WARNING * * *
You are splashed with acid!
The acid burns!
You resist.
* * * LOW HITPOINT WARNING * * *
The acid blob spits acid at you. The splash of acid hits you! You resist.
* * * LOW HITPOINT WARNING * * *
The acid corrodes you!
You are splashed with acid!
The acid burns!
You resist.
You die...

#_........# #_....†.._#
#_..(...._#
###.......(.###
#⌠........[..⌠#
#.8.......[.8J######
......###......_._∩##
....8.# #.8........∩###
....[.###.......@.....##
...###...###...JJJ....⌠#
...# #.<.# #..J.......⌠#
...###)..###..........⌠#
..|)).###.............##
....8.# #.8........∩###
..[...###......___∩##
#.8.....[...8.######
#⌠...........⌠#


You could see 4 acid blobs and a large slime creature.

Vanquished Creatures
  Arachne (D)
  2 acid blobs (D)
  A thorn hunter (D)
  Josephine (D)
  Erolcha (D)
  Harold (D)
  3 two-headed ogres (D)
  An alligator (D)
  Aizul (D)
  2 swamp dragons (D)
  A cyclops (D)
  A cyclops (shapeshifter) (D)
  A rime drake (D)
  A komodo dragon (D)
  A troll (D)
  2 silent spectres (D)
  3 hornets (D)
  5 slime creatures (D)
  2 tyrant leeches (D)
  A bog body (D)
  Sigmund (D)
  An air elemental (D)
  A shadow (D)
  A redback (D)
  A wraith (D)
  2 steam dragons (D)
  7 vampire mosquitoes (D)
  An acid dragon (D)
  3 sky beasts (D)
  A necrophage (D)
  3 swamp drakes (D)
  4 ogres (D)
  5 jellies (D)
  An iguana (D)
  A worker ant (D)
  An adder (D)
  An ooze (D)
  An adder skeleton (D)
  A dart slug (D)
  A bat skeleton (D)
  A bat zombie (D)
  A bat (D)
  A frilled lizard (D)
  A kobold (D)
74 creatures vanquished.

Vanquished Creatures (others)
  A steam dragon (D)
1 creature vanquished.

Grand Total: 75 creatures vanquished

Notes
Turn   | Place    | Note
-------+----------+-------------------------------------------
     0 | D        | esc the Hill Orc Fighter began the quest for the Orb.
     0 | D        | Reached XP level 1. HP: 19/19 MP: 1/1
     1 | D        | Found an ornate altar of the Wu Jian Council.
     2 | D        | Found a bloodstained altar of Trog.
     2 | D        | Found a hide-covered altar of Uskayaw.
     3 | D        | Found a stormy altar of Qazlal.
     3 | D        | Found a radiant altar of Vehumet.
     4 | D        | Found Qyefann's Delicious Food.
     4 | D        | Found a glowing golden altar of the Shining One.
     4 | D        | Found a blossoming altar of Fedhas.
     4 | D        | Found Deemig's Identification Station.
     5 | D        | Found Rorasun's Jewellery.
     5 | D        | Found Ybuavvou's Advanced Armour.
     5 | D        | Round 1.
     8 | D        | Found an ancient bone altar of Kikubaaqudgha.
     9 | D        | Found a burning altar of Makhleb.
    11 | D        | Noticed Sigmund
    12 | D        | Became a worshipper of the Shining One
    38 | D        | HP: 4/19 [Sigmund/scythe (2)]
    39 | D        | Killed Sigmund
    39 | D        | Reached skill level 6 in Fighting
    39 | D        | Reached skill level 6 in Axes
    39 | D        | Reached skill level 6 in Armour
    39 | D        | Reached skill level 6 in Shields
    39 | D        | Reached skill level 4 in Evocations
    39 | D        | Reached XP level 2. HP: 7/31 MP: 1/5
    39 | D        | Reached XP level 3. HP: 8/38 MP: 1/6
    39 | D        | Reached XP level 4. HP: 10/45 MP: 1/7
    39 | D        | Reached XP level 5. HP: 12/51 MP: 1/8
    63 | D        | HP: 12/51 [adder (4)]
    70 | D        | Found an iron altar of Okawaru.
    70 | D        | HP: 9/51 [poisoned by an adder]
    76 | D        | Found Loblet's Premium Goods.
    76 | D        | HP: 6/51 [poisoned by an adder]
    84 | D        | HP: 6/51 [poisoned by an adder]
    88 | D        | Found a corrupted altar of Lugonu.
    88 | D        | Found a deep blue altar of Sif Muna.
    88 | D        | Found a sacrificial altar of Ru.
    88 | D        | Found Yjutuag's Weapon Rack.
    89 | D        | Found Tanueb's Miscellaneous Merchandise.
    89 | D        | Found Igaw Sajad's Basic Armour.
    93 | D        | Found a viscous altar of Jiyva.
    93 | D        | HP: 6/51 [bat (1)]
   101 | D        | Found a snail-covered altar of Cheibriados.
   111 | D        | Arena points: 14 (+14) [x2]
   126 | D        | Bought a transparent iron amulet for 45 gold pieces
   126 | D        | Bought a bound silver ring for 45 gold pieces
   126 | D        | Bought a scintillating platinum ring for 45 gold pieces
   126 | D        | Identified the ring of Beauty {+Fly rPois Str-4 Slay+2} (You bought it in a shop in the Dungeon)
   127 | D        | Identified the amulet "Enugigaa" {Spirit Dex+8} (You bought it in a shop in the Dungeon)
   128 | D        | Identified the ring "Huenaran" {rF+ MP+9 Str-4 Int+5} (You bought it in a shop in the Dungeon)
   131 | D        | Bought a crude copper ring for 45 gold pieces
   131 | D        | Identified the ring of Dithmenos's Whim {rPois rN+ Dex-5 Slay+3} (You bought it in a shop in the Dungeon)
   181 | D        | Round 2.
   186 | D        | Reached skill level 7 in Fighting
   186 | D        | Reached skill level 7 in Axes
   193 | D        | Reached * piety under the Shining One
   200 | D        | Reached skill level 5 in Evocations
   200 | D        | Reached XP level 6. HP: 26/60 MP: 7/9
   216 | D        | Reached skill level 8 in Axes
   216 | D        | Reached skill level 7 in Armour
   216 | D        | Reached skill level 7 in Shields
   240 | D        | Found a basalt altar of Yredelemnul.
   241 | D        | Found Legeh's Do-It-Yourself Clinic.
   243 | D        | Arena points: 56 (+42) [x3]
   243 | D        | Reached skill level 8 in Fighting
   243 | D        | Reached skill level 1 in Invocations
   260 | D        | Round 3.
   292 | D        | Noticed a steam dragon
   298 | D        | Killed a steam dragon
   298 | D        | Reached skill level 9 in Axes
   298 | D        | Reached skill level 3 in Invocations
   298 | D        | Reached XP level 7. HP: 25/69 MP: 7/11
   305 | D        | Found Ogieg's Bottled Wisdom.
   305 | D        | Found Pehec's Distillery.
   305 | D        | Found a glowing silver altar of Zin.
   305 | D        | Found a shadowy altar of Dithmenos.
   305 | D        | Found Viubeism's Distillery.
   309 | D        | Found an opulent altar of Gozag.
   310 | D        | Found a shimmering altar of Xom.
   312 | D        | Found a roughly hewn altar of Beogh.
   313 | D        | Found Buiplum's Staff Store.
   313 | D        | Found Kiedgh's Magic Scroll Shop.
   314 | D        | Found Watz's Must-Have Magic.
   314 | D        | Found Jeits's Magic Scroll Shop.
   352 | D        | Noticed a steam dragon
   352 | D        | Reached ** piety under the Shining One
   357 | D        | Noticed an air elemental
   359 | D        | Killed a steam dragon
   359 | D        | Reached skill level 9 in Fighting
   359 | D        | Reached skill level 8 in Armour
   359 | D        | Reached skill level 8 in Shields
   359 | D        | Reached skill level 4 in Invocations
   360 | D        | HP: 16/70 [air elemental/tornado (6)]
   364 | D        | Killed an air elemental
   364 | D        | Reached skill level 5 in Invocations
   375 | D        | Reached skill level 10 in Axes
   375 | D        | Reached skill level 9 in Armour
   375 | D        | Reached skill level 6 in Invocations
   396 | D        | Reached skill level 9 in Shields
   396 | D        | Reached XP level 8. HP: 24/79 MP: 5/12
   410 | D        | Arena points: 140 (+84) [x4]
   410 | D        | Reached skill level 10 in Fighting
   433 | D        | Round 4.
   446 | D        | Noticed Erolcha
   464 | D        | Killed Erolcha
   464 | D        | Reached skill level 11 in Fighting
   464 | D        | Reached skill level 11 in Axes
   464 | D        | Reached skill level 10 in Armour
   464 | D        | Reached skill level 10 in Shields
   464 | D        | Reached skill level 8 in Invocations
   464 | D        | Reached XP level 9. HP: 25/89 MP: 8/15
   515 | D        | Noticed a two-headed ogre
   515 | D        | Reached *** piety under the Shining One
   516 | D        | Noticed a two-headed ogre
   525 | D        | HP: 19/89 [ogre/giant club (13)]
   528 | D        | Reached skill level 9 in Invocations
   530 | D        | Killed a two-headed ogre
   530 | D        | Reached skill level 12 in Axes
   530 | D        | Reached skill level 11 in Armour
   530 | D        | Reached skill level 11 in Shields
   530 | D        | Reached skill level 10 in Invocations
   531 | D        | HP: 10/90 [two-headed ogre/giant club (11)]
   533 | D        | Killed a two-headed ogre
   533 | D        | Reached skill level 12 in Fighting
   533 | D        | Reached skill level 13 in Axes
   541 | D        | HP: 17/90 [ogre/giant club (18)]
   549 | D        | Arena points: 300 (+160) [x5]
   549 | D        | Reached XP level 10. HP: 21/99 MP: 4/18
   577 | D        | Bought a pair of dazzling gloves for 332 gold pieces
   582 | D        | Identified the cursed +0 pair of gloves "Ipepemu" {Int+6} (You bought it in a shop in the Dungeon)
   610 | D        | Round 5.
   627 | D        | Noticed Aizul
   635 | D        | HP: 34/148 [Aizul (8)]
   640 | D        | HP: 25/148 [poisoned by Aizul (bolt of poison)]
   645 | D        | HP: 16/148 [poisoned by Aizul (bolt of poison)]
   650 | D        | HP: 10/148 [poisoned by Aizul (bolt of poison)]
   651 | D        | Killed Aizul
   651 | D        | Arena points: 580 (+280) [x7]
   651 | D        | Reached skill level 11 in Invocations
   654 | D        | Got a brightly glowing bone ring
   654 | D        | Got a serpentine rune of Zot
   655 | D        | Identified the ring of Cott {rF++ Stlth+} (You found it in the Dungeon)
   673 | D        | Bought a brightly glowing helmet for 332 gold pieces
   678 | D        | Identified the +1 helmet of Curiosity {*Drain rC++ Str+4 Int+3} (You bought it in a shop in the Dungeon)
   810 | D        | Round 6.
   819 | D        | Noticed a swamp dragon
   819 | D        | Reached **** piety under the Shining One
   837 | D        | Killed a swamp dragon
   837 | D        | Reached skill level 13 in Fighting
   837 | D        | Reached skill level 12 in Armour
   837 | D        | Reached skill level 12 in Shields
   894 | D        | Reached skill level 14 in Axes
   894 | D        | Reached skill level 12 in Invocations
   922 | D        | Noticed a swamp dragon
   925 | D        | HP: 20/101 [komodo dragon (20)]
   945 | D        | Killed a swamp dragon
   945 | D        | Arena points: 964 (+384) [x8]
   958 | D        | Bought a +0 broad axe for 120 gold pieces
   996 | D        | Round 7.
  1002 | D        | Reached ***** piety under the Shining One
  1020 | D        | Reached ****** piety under the Shining One
  1031 | D        | Noticed Josephine
  1043 | D        | Killed Josephine
  1043 | D        | Arena points: 1531 (+567) [x9]
  1043 | D        | Reached skill level 14 in Fighting
  1043 | D        | Reached skill level 13 in Armour
  1043 | D        | Reached skill level 13 in Shields
  1043 | D        | Reached skill level 13 in Invocations
  1043 | D        | Reached XP level 11. HP: 109/110 MP: 20/20
  1062 | D        | Bought a scroll of brand weapon for 200 gold pieces
  1070 | D        | Round 8.
  1080 | D        | Reached skill level 15 in Axes
  1101 | D        | Noticed a thorn hunter
  1114 | D        | Killed a thorn hunter
  1129 | D        | Reached skill level 14 in Invocations
  1169 | D        | Noticed an alligator
  1178 | D        | Killed an alligator
  1182 | D        | Arena points: 2331 (+800) [x10]
  1182 | D        | Reached skill level 15 in Fighting
  1194 | D        | Bought 8 scrolls of enchant weapon for 600 gold pieces
  1256 | D        | Round 9.
  1258 | D        | Noticed Harold
  1258 | D        | Noticed a cyclops
  1265 | D        | Noticed a two-headed ogre
  1267 | D        | Killed a cyclops
  1267 | D        | Reached skill level 16 in Axes
  1267 | D        | Reached skill level 14 in Armour
  1267 | D        | Reached skill level 14 in Shields
  1268 | D        | Killed Harold
  1273 | D        | Noticed a cyclops
  1279 | D        | Killed a two-headed ogre
  1279 | D        | Reached skill level 1 in Dodging
  1279 | D        | Reached skill level 15 in Invocations
  1283 | D        | Killed a cyclops
  1283 | D        | Arena points: 3222 (+891) [x11]
  1308 | D        | Bought a pair of faintly glowing boots for 332 gold pieces
  1313 | D        | Identified the +0 pair of boots "Vadwys" {rPois rN++ MR- rCorr} (You bought it in a shop in the Dungeon)
  1340 | D        | Round 10.
  1343 | D        | Reached skill level 2 in Dodging
  1343 | D        | Reached XP level 12. HP: 121/121 MP: 23/23
  1349 | D        | Noticed Arachne
  1365 | D        | Killed Arachne
  1365 | D        | Arena points: 4392 (+1170) [x13]
  1365 | D        | Reached skill level 16 in Fighting
  1365 | D        | Reached skill level 15 in Armour
  1365 | D        | Reached skill level 3 in Dodging
  1366 | D        | Got a gossamer rune of Zot
  1380 | D        | Reached skill level 17 in Axes
  1380 | D        | Reached skill level 4 in Dodging
  1380 | D        | Reached skill level 15 in Shields
  1380 | D        | Reached XP level 13. HP: 129/129 MP: 24/24
  1381 | D        | Reached skill level 16 in Invocations
  1381 | D        | Reached XP level 14. HP: 138/138 MP: 24/26
  1389 | D        | Bought a smoking cloak for 332 gold pieces
  1394 | D        | Identified the +1 cloak of the Ecumenical Temple {rPois Int+4 Dex-4} (You bought it in a shop in the Dungeon)
  1400 | D        | Bought a faintly glowing cloak for 332 gold pieces
  1405 | D        | Identified the cursed +0 cloak "Earthly Heaven" {Int+3} (You bought it in a shop in the Dungeon)
  1432 | D        | Bought 4 potions of curing for 84 gold pieces
  1552 | D        | Round 11.
  1670 | D        | Arena points: 6086 (+1694) [x14]
  1745 | D        | Round 12.
  1756 | D        | Noticed an acid blob
  1764 | D        | Killed an acid blob
  1764 | D        | Reached skill level 5 in Dodging
  1805 | D        | Noticed an acid blob
  1813 | D        | Killed an acid blob
  1813 | D        | Reached skill level 17 in Fighting
  1851 | D        | Reached skill level 18 in Axes
  1851 | D        | Reached skill level 6 in Dodging
  1860 | D        | Noticed an acid blob
  1863 | D        | Noticed an acid blob
  1865 | D        | Noticed an acid blob
  1865 | D        | Noticed an acid blob
  1869 | D        | HP: 25/140 [acid blob (20)]
  1874 | D        | HP: 21/140 [acid (2)]
  1874 | D        | HP: 10/140 [acid (8)]
  1874 | D        | Splashed by an acid blob's acid

Vault maps used:
D:        arena_sprint

Skill      XL: |  1  2  3  4  5  6  7  8  9 10 11 12 13 14 |
---------------+-------------------------------------------+-----
Fighting       | 6 7 8 9 11 12 14 15 16 17 | 17.0
Axes           | 6 7 9 10 11 13 14 16 17 18 | 18.0
Armour         | 6 7 9 10 11 13 14 15 | 15.8
Shields        | 6 7 9 10 11 13 14 15 | 15.8
Evocations     | 4 5 |  5.5
Invocations    | 3 6 8 10 13 15 16 | 16.8
Dodging        | 2 4 6 |  6.0

Action                   |  1- 3 |  4- 6 |  7- 9 | 10-12 | 13-15 || total
-------------------------+-------+-------+-------+-------+-------++-------
Melee: War axe           |     8 |    32 |    44 |    64 |       ||   148
       Broad axe         |       |       |       |    88 |    48 ||   136
Invok: Divine Shield     |       |       |       |     3 |     1 ||     4
Evoke: Wand              |     2 |       |     4 |     1 |       ||     7
  Use: Potion            |       |       |     2 |     4 |     3 ||     9
       Scroll            |       |       |       |     9 |       ||     9
  Eat: Chunk             |       |       |       |     1 |       ||     1
       Ration            |       |       |       |     1 |       ||     1
Armor: Scale mail        |     2 |    11 |    12 |    15 |       ||    40
       Acid dragon scale |       |       |       |    18 |    11 ||    29
Dodge: Dodged            |     2 |     5 |     8 |    37 |    13 ||    65
Block: Shield            |     4 |    22 |    16 |    95 |    22 ||   159

Table legend:
 A = Spawn XP
 B = Non-spawn XP
 C = Spawn XP percentage of total XP
 D = Spawn monster count
 E = Non-spawn monster count
 F = Spawn count percentage of total count
 G = Total turns spent on level
                    A         B        C        D         E        F      G
               +---------+---------+-------+---------+---------+-------+---------
         Total |       0 |   30403 |   0.0 |       0 |      75 |   0.0 |  1874
               +---------+---------+-------+---------+---------+-------+---------
             D |       0 |   30403 |   0.0 |       0 |      75 |   0.0 |  1874
               +---------+---------+-------+---------+---------+-------+---------

Vault maps used:
D:        arena_sprint

Table legend:
 A = Turns spent in this place as a percentage of turns spent in the entire game.
 B = Non-inter-level travel turns spent in this place as a percentage of non-inter-level travel turns spent in the entire game.
 C = Inter-level travel turns spent in this place as a percentage of turns spent in this place.
 D = Turns resting spent in this place as a percentage of non-inter-level travel turns spent in this place.
 E = Turns spent auto-exploring this place as a percentage of non-inter-level travel turns spent in this place.
 F = Non-inter-level travel turns spent in this place divided by the number of levels of this place that you've seen.
                   A       B       C       D       E      F
               +-------+-------+-------+-------+-------+----------------------
         Total | 100.0 | 100.0 |   2.9 |  42.6 |   1.7 | 1819.0
       Dungeon | 100.0 | 100.0 |   2.9 |  42.6 |   1.7 | 1819.0
               +-------+-------+-------+-------+-------+----------------------

Table legend:
 A = Kills in this place as a percentage of kills in entire the game.
 B = Kills by you in this place as a percentage of kills by you in the entire game.
 C = Kills by friends in this place as a percentage of kills by friends in the entire game.
 D = Other kills in this place as a percentage of other kills in the entire game.
 E = Experience gained in this place as a percentage of experience gained in the entire game.
 F = Experience gained in this place divided by the number of levels of this place that you have seen.
                   A       B       C       D       E      F
               +-------+-------+-------+-------+-------+----------------------
         Total | 100.0 | 100.0 |   N/A | 100.0 | 100.0 | 30403.0
       Dungeon | 100.0 | 100.0 |   N/A | 100.0 | 100.0 | 30403.0
               +-------+-------+-------+-------+-------+----------------------
